 Dungeon Crawl Stone Soup version 0.31-a0-801-gc67433417a (webtiles) character file.

Game seed: 3779619607204566036

9 Ivernyr the Ducker (level 2, 15/15 HPs)
             Began as a Spriggan Gladiator on Sept 20, 2023.
             Got out of the dungeon alive.
             The game lasted 00:01:01 (236 turns).

Ivernyr the Ducker (Spriggan Gladiator)              Turns: 236, Time: 00:01:02

Health: 15/15      AC:  2    Str: 10    XL:     2   Next: 6%
Magic:  3/3        EV: 18    Int:  9    God:
Gold:   0          SH:  0    Dex: 16    Spells: 1/1 levels left

rFire   . . .        a - +0 quarterstaff
rCold   . . .        (shield currently unavailable)
rNeg    . . .        b - +0 robe
rPois   .            c - +0 hat
rElec   .            (no cloak)
rCorr   .            (gloves unavailable)
SInv    +            (boots unavailable)
Will    .....        (no amulet)
Stlth   +            (no ring)
HPRegen 0.22/turn    (no ring)
MPRegen 0.08/turn

%: no passive effects
@: very quick
A: very small, no large weapons, unfitting armour, see invisible, speed 3
a: no special abilities


You escaped.
You visited 1 branch of the dungeon, and saw 1 of its levels.

Inventory:

Hand Weapons
 a - a +0 quarterstaff (weapon)
Missiles
 d - 3 throwing nets (quivered)
 e - 2 boomerangs
Armour
 b - a +0 robe (worn)
 c - a +0 hat (worn)


   Skills:
 + Level 1.7 Fighting
 * Level 2.4 Staves
 + Level 2.1 Throwing
 + Level 4.1 Dodging


You had one spell level left.
You didn't know any spells.
Your spell library was empty.

Dungeon Overview and Level Annotations

Branches:
Dungeon (1/15)

Altars:


Innate Abilities, Weirdness & Mutations

You are very small and have problems with some larger weapons.
You are too small for most types of armour.
You have supernaturally acute eyesight. (SInv)
You cover ground extremely quickly. (Speed+++)


Message History

The hobgoblin barely misses you.
You barely miss the hobgoblin. The hobgoblin closely misses you.
You completely miss the hobgoblin. The hobgoblin barely misses you.
You hit the hobgoblin.
You kill the hobgoblin!
The ball python misses you. The ball python grabs you.
The ball python constricts you.
You hit the ball python.
You kill the ball python!
Found a spear.
You see here a +0 spear.
Found a ring mail.
A jackal comes into view.
Found a spear.
A jackal comes into view.
A goblin comes into view. It is wielding a +0 club.
The jackal barks! x2
The jackal barely misses you. The jackal completely misses you.
You thump the jackal!
You kill the jackal!
The jackal bites you.
You hit the jackal but do no damage. The jackal bites you.
The jackal bites you but does no damage.
You closely miss the jackal. The jackal bites you.
You hit the jackal.
You kill the jackal!
You see here a jackal corpse.
You see here a jackal corpse.
A giant cockroach and a kobold come into view.
You hit the kobold.
You kill the kobold!
You have reached level 2!
You see here a +0 short sword.
You sock the giant cockroach!
You kill the giant cockroach!
Found a faded altar of an unknown god.
What level of the Dungeon? (default 1, ? - help)
There is a staircase leading out of the dungeon here.
You have escaped!

#......................###.#.....
#................................
#.....)...........#.#####....###.
#...########......#..†.......# #.
#...##............#######....# #)
#...##.......................# #.
#...##.........##########....###.
#...##########.### ##.......
#...# #.#@## #....... #...#
###.##.## #....... #...#
#....#..## #.#####.
#...########....##..## #.# #.
#................#...## #.# #.
#.##########.....##...## #.. #.#
#......#....######### #.#
####......##....##.....# #.#
#.........##......#####..


There were no monsters in sight!

Vanquished Creatures
  A ball python (D:1)
  A giant cockroach (D:1)
  2 hobgoblins (D:1)
  2 jackals (D:1)
  A bat (D:1)
  A kobold (D:1)
8 creatures vanquished.

Notes
Turn   | Place    | Note
-------+----------+-------------------------------------------
     0 | D:1      | Ivernyr the Spriggan Gladiator began the quest for the Orb.
     0 | D:1      | Reached XP level 1. HP: 10/10 MP: 2/2
   175 | D:1      | Reached XP level 2. HP: 15/15 MP: 3/3
   182 | D:1      | Found a faded altar of an unknown god.
   236 | D:$      | Got out of the dungeon alive.

Illustrated notes

Levels and vault maps discovered:
D:1:      minmay_arrival_pointy, layout_basic, hellmonk_ecumenical_altar_run_dry

Action                     || total
---------------------------++-------
  Melee: Quarterstaff      ||    15
 Armour: Robe              ||     7
  Dodge: Dodged            ||    11

Table legend: (Time is in decaauts)
 A = Elapsed time spent in this place.
 B = Non-inter-level travel time spent in this place.
 C = Inter-level travel time spent in this place.
 D = Time resting spent in this place.
 E = Time spent auto-exploring this place.
 F = Levels seen in this place.
 G = Mean time per level.
                   A        B        C        D        E       F      G
               +--------+--------+--------+--------+--------+-----+--------+
         Total |    165 |    134 |     31 |      0 |     76 |   1 |  165.0 |
       Dungeon |    165 |    134 |     31 |      0 |     76 |   1 |  165.0 |
               +--------+--------+--------+--------+--------+-----+--------+

Top non-repeatable levels by time:
     D:1: 165 daAuts
